 Dungeon Crawl Stone Soup version 0.30-a0-451-ge042605de7 (webtiles) character file.

Game seed: 6736430392988135557

2032 cforsyth the Fighter (level 9, -1/121 HPs)
             Began as a Minotaur Berserker on Dec 11, 2022.
             Was a Priest of Trog.
             Slain by a vampire (2 damage)
             ... on level 6 of the Dungeon.
             The game lasted 00:10:44 (5572 turns).

cforsyth the Fighter (Minotaur Berserker)           Turns: 5572, Time: 00:10:44

Health: -1/121     AC: 11    Str: 27    XL:     9   Next: 3%
Magic:  8/8        EV: 12    Int:  6    God:    Trog [***...]
Gold:   311        SH:  3    Dex: 11    Spells: 8/8 levels left

rFire   . . .      SeeInvis .    a - +0 hand axe
rCold   . . .      Faith    .    t - +0 buckler
rNeg    . . .      Spirit   .    j - +1 scale mail "Qutzup" {Will+ Int+2 Dex+2}
rPois   .          Reflect  .    (helmet restricted)
rElec   .          Harm     .    s - +1 cloak
rCorr   .          Rampage  .    (no gloves)
Will    +....                    (no boots)
Stlth   ..........               k - amulet of the acrobat
HPRegen 0.40/turn                (no ring)
MPRegen 0.11/turn                (no ring)

@: berserking, very quick
A: horns 2, retaliatory headbutt
a: Renounce Religion, Berserk, Trog's Hand


You were on level 6 of the Dungeon.
You worshipped Trog.
Trog was most pleased with you.
You visited 1 branch of the dungeon, and saw 6 of its levels.

You collected 311 gold pieces.

Inventory:

Hand Weapons
 a - a +0 hand axe (weapon)
Armour
 j - the +1 scale mail "Qutzup" (worn) {Will+ Int+2 Dex+2}
   (You found it on level 3 of the Dungeon)

   Int:       It affects your intelligence (+2).
   Dex:       It affects your dexterity (+2).
   Will:      It increases your willpower.
 s - a +1 cloak (worn)
 t - a +0 buckler (worn)
Jewellery
 k - an amulet of the acrobat (around neck)
 r - a ring of see invisible
Wands
 f - a wand of flame (18)
Scrolls
 b - 6 scrolls of teleportation {unknown}
 g - 3 scrolls of immolation {unknown}
 h - 3 scrolls of identify {unknown}
 o - a scroll of fear {unknown}
 p - a scroll of acquirement {unknown}
Potions
 c - a potion of magic {unknown}
 d - 2 potions of curing {unknown}
 e - a potion of degeneration {unknown}
 i - a potion of cancellation {unknown}
 l - 3 potions of might {unknown}
 m - a potion of lignification {unknown}
 n - 2 potions of haste {unknown}
 q - a potion of flight {unknown}


   Skills:
 + Level 8.0 Fighting
 + Level 7.9 Axes
 + Level 7.4 Armour
 + Level 6.8 Dodging


You had 8 spell levels left.
You didn't know any spells.
Your spell library was empty.

Dungeon Overview and Level Annotations

Branches:
Dungeon (6/15)             Temple (0/1) D:4

Altars:
Dithmenos

Shops:
D:5 (


Innate Abilities, Weirdness & Mutations

You have a pair of horns on your head.
You reflexively headbutt those who attack you in melee.


Message History

The vampire hits you. The vampire barely misses you.
You hit the vampire but do no damage.
The vampire is severely damaged.
The vampire closely misses you. The vampire bites you.
The vampire draws strength from your injuries!
You hit the vampire.
The vampire is severely damaged.
The vampire closely misses you. x2
A red film seems to cover your vision as you go berserk!
You feel yourself moving faster!
You feel mighty! The vampire hits you. The vampire bites you.
* * * LOW HITPOINT WARNING * * *
The vampire draws strength from your injuries!
You hit the vampire.
The vampire is severely damaged.
The vampire draws life force from you!!
* * * LOW HITPOINT WARNING * * *
The vampire is healed by the life force!
You closely miss the vampire.
The vampire is moderately damaged.
You hit the vampire.
The vampire is heavily damaged.
The vampire draws life force from you!
* * * LOW HITPOINT WARNING * * *
The vampire is healed by the life force!
You barely miss the vampire.
The vampire is moderately damaged.
The vampire completely misses you. The vampire barely misses you.
Unknown command.
You closely miss the vampire. You headbutt the vampire!
The vampire is heavily damaged.
You closely miss the vampire. Your headbutt misses the vampire.
The vampire is heavily damaged.
The vampire closely misses you. The vampire misses you.
You barely miss the vampire.
The vampire is heavily damaged.
The vampire hits you.
* * * LOW HITPOINT WARNING * * *
The vampire bites you.
You die...

##.###...†.....##.##.#..#.#
#)..#...##.######.##.#..#.#
).#...#....# #)##.#..#.#
)###.###.### #.##.#..#.#
...###...# #.##.#..#.#
.###.###.# #.##.#..#.#
..#...#..########.##.# #.#
#.......#.#.#.#.#.#
.#.#...#.#.#.#.#@#
#.#.#.#.#.#.#.#.#V#
.#.#.#.#.#.#.#.#.#.#
#.#.#.#.#.#.#.#.#.#.#
.#.#.#.#.#.#.#.#.#.#.#
#.#.#.#.#.#.#.#.#.#.#.#
.#.#.#.#.###.#.#.#.#.##
#.#.#.#.## #.#.#.#.
#.#.#.##


You could see a vampire.

Vanquished Creatures
  Grinder (D:4)
  Prince Ribbit (D:5)
  3 yaks (D:6)
  A black bear (D:6)
  The ghost of GiantSquids the Chopper, an amateur HOBe of Trog (D:4)
  An ice beast (D:6)
  A phantom (D:6)
  4 scorpions
  A howler monkey (D:4)
  A jelly (D:6)
  3 hounds
  Crazy Yiuf (D:5)
  A gnoll bouda (D:6)
  3 iguanas
  Jessica (D:2)
  8 adders
  9 gnolls
  2 white imps (D:5)
  An ufetubus (D:6)
  A worm (D:2)
  6 dart slugs
  10 orcs (D:6)
  9 endoplasms
  3 giant cockroaches
  8 goblins
  9 hobgoblins
  6 jackals
  9 kobolds
  3 quokkas
  9 ball pythons
  A bat (D:2)
  6 frilled lizards
  5 rats
129 creatures vanquished.

Notes
Turn   | Place    | Note
-------+----------+-------------------------------------------
     0 | D:1      | cforsyth the Minotaur Berserker began the quest for the
                  | Orb.
     0 | D:1      | Reached XP level 1. HP: 19/19 MP: 0/0
    73 | D:1      | Reached XP level 2. HP: 23/27 MP: 1/1
   321 | D:1      | Reached skill level 4 in Fighting
   497 | D:1      | Reached XP level 3. HP: 33/33 MP: 2/2
   774 | D:2      | Reached ** piety under Trog
   995 | D:2      | Reached XP level 4. HP: 41/41 MP: 3/3
  1232 | D:2      | Noticed Jessica
  1236 | D:2      | Killed Jessica
  1940 | D:3      | Identified the +1 scale mail "Qutzup" {Will+ Int+2 Dex+2}
  1947 | D:3      | Reached XP level 5. HP: 47/47 MP: 4/4
  1976 | D:3      | Found a shadowy altar of Dithmenos.
  2334 | D:4      | Found a staircase to the Ecumenical Temple.
  2357 | D:4      | Noticed Grinder
  2376 | D:4      | Killed Grinder
  2377 | D:4      | Reached skill level 5 in Fighting
  2377 | D:4      | Reached skill level 5 in Axes
  2377 | D:4      | Reached XP level 6. HP: 20/56 MP: 5/5
  2397 | D:5      | Entered Level 5 of the Dungeon
  2911 | D:4      | Reached *** piety under Trog
  2917 | D:4      | Found a runed translucent door.
  3012 | D:4      | Noticed GiantSquids's ghost (amateur HOBe)
  3043 | D:4      | Reached skill level 5 in Armour
  3139 | D:4      | Reached XP level 7. HP: 62/62 MP: 6/6
  3140 | D:4      | Killed GiantSquids's ghost
  3211 | D:5      | Reached skill level 6 in Fighting
  3252 | D:5      | Found a runed translucent door.
  3253 | D:5      | Noticed Crazy Yiuf
  3293 | D:5      | Found Fakoa's Weapon Boutique.
  3398 | D:5      | You fall into a shaft and drop 1 floor!
  3495 | D:6      | Reached skill level 5 in Dodging
  3898 | D:5      | Reached XP level 8. HP: 63/71 MP: 7/7
  3936 | D:5      | Noticed Prince Ribbit
  3952 | D:5      | HP: 5/106 [Prince Ribbit (10)]
  3953 | D:5      | Killed Prince Ribbit
  3954 | D:5      | Reached skill level 7 in Fighting
  4537 | D:5      | Killed Crazy Yiuf
  5267 | D:6      | Reached skill level 8 in Fighting
  5267 | D:6      | Reached XP level 9. HP: 68/81 MP: 8/8
  5568 | D:6      | HP: 3/121 [vampire/vampiric draining (11)]
  5572 | D:6      | HP: 1/121 [vampire (3)]
  5572 | D:6      | Slain by a vampire

Illustrated notes

Levels and vault maps discovered:
D:1:      grunt_arrival_lava_bath, layout_basic, minmay_heptomino_o4
D:2:      layout_basic, uniq_jessica
D:3:      layout_loops_ring, grunt_dithmenos_smoke_and_mirrors
D:4:      minmay_angry_zag, layout_loops_cross, temple_doors_e,
          ebering_ghost_sewer_d, uniq_grinder
D:5:      layout_rooms, serial_shops, nicolae_shop_bloodbath_and_beyond,
          kennysheep_donut, uniq_crazy_yiuf_cottage, uniq_prince_ribbit1
D:6:      minmay_general_purpose_star, layout_basic, ebering_ghost_xom,
          serial_shops, shop, st_stairs_2, minmay_between

Skill      XL: |  1  2  3  4  5  6  7  8 |
---------------+-------------------------+-----
Fighting       | 4 5 6 8 |  8.0
Axes           | 4 5 6 7 |  7.9
Armour         | 3 4 5 6 7 |  7.4
Dodging        | 3 4 5 6 |  6.8

Action                   |  1- 3 |  4- 6 |  7- 9 || total
-------------------------+-------+-------+-------++-------
Melee: Hand axe          |    97 |   130 |   172 ||   399
       Headbutt          |    11 |    22 |    41 ||    74
       Punch             |     1 |     1 |     1 ||     3
Invok: Berserk           |       |     2 |     3 ||     5
       Trog's Hand       |       |     1 |       ||     1
 Stab: Distracted        |     2 |       |       ||     2
Armor: Animal skin       |     5 |       |       ||     5
       Chain mail        |    29 |    29 |       ||    58
       Scale mail        |       |    39 |    54 ||    93
Dodge: Dodged            |    35 |    78 |   113 ||   226

Table legend: (Time is in decaauts)
 A = Elapsed time spent in this place.
 B = Non-inter-level travel time spent in this place.
 C = Inter-level travel time spent in this place.
 D = Time resting spent in this place.
 E = Time spent auto-exploring this place.
 F = Levels seen in this place.
 G = Mean time per level.
                   A        B        C        D        E       F      G
               +--------+--------+--------+--------+--------+-----+--------+
         Total |   5616 |   5454 |    162 |    999 |   3444 |   6 |  936.0 |
       Dungeon |   5616 |   5454 |    162 |    999 |   3444 |   6 |  936.0 |
               +--------+--------+--------+--------+--------+-----+--------+

Top non-repeatable levels by time:
     D:5: 1586 daAuts
     D:6: 989 daAuts
     D:4: 905 daAuts
     D:2: 835 daAuts
     D:1: 692 daAuts
     D:3: 608 daAuts
